 Dungeon Crawl Stone Soup version 0.19.1 (webtiles) character file.

108 Idleism the Chucker (level 4, -5/44 HPs)
             Began as an Ogre Hunter on Dec 10, 2016.
             Killed by divine providence
             ... invoked by an orc priest
              (12 damage)
             ... on level 3 of the Dungeon.
             The game lasted 00:08:03 (1690 turns).

Idleism the Chucker (Ogre Hunter)                   Turns: 1690, Time: 00:08:04

Health: -5/44      AC:  5    Str: 17    XL:     4   Next: 87%
Magic:  4/4        EV: 10    Int: 10    God:
Gold:   157        SH:  0    Dex: 11    Spells: 0 memorised, 3 levels left

rFire  . . .     SeeInvis .     a - +1 mace
rCold  . . .     Gourm    .     b - +1 robe
rNeg   . . .     Faith    .     (no shield)
rPois  .         Spirit   .     (helmet restricted)
rElec  .         Reflect  .     u - +0 cloak
rCorr  .         Harm     .     (gloves unavailable)
MR     .....                    (boots unavailable)
Stlth  +.........               (no amulet)
                                (no ring)
                                (no ring)

@: no status effects
A: unfitting armour, tough skin 1
a: no special abilities


You were on level 3 of the Dungeon.
You were not hungry.

You visited 1 branch of the dungeon, and saw 3 of its levels.

You collected 157 gold pieces.

Inventory:

Hand Weapons
 a - a +1 mace (weapon)
 h - a +1 hand axe of flaming
Missiles
 d - 2 throwing nets (quivered)
Armour
 b - a +1 robe (worn)
 u - a +0 cloak (worn)
Jewellery
 r - an uncursed ring of teleportation
Scrolls
 i - 2 scrolls of enchant weapon
 j - a scroll of magic mapping {unknown}
 m - 2 scrolls of enchant armour
 p - 4 scrolls of identify {unknown}
 q - a scroll of random uselessness {unknown}
 s - a scroll of noise {unknown}
 t - a scroll of remove curse
 v - a scroll of teleportation {unknown}
Potions
 e - 2 potions of curing
 k - a potion of heal wounds {unknown}
 o - 2 potions of flight {unknown}
 x - 2 potions of invisibility {unknown}
Comestibles
 f - 4 bread rations
 g - a royal jelly
 l - a beef jerky
 n - 4 slices of pizza
 w - 5 chunks of flesh


   Skills:
 - Level 2.6 Fighting
 + Level 4.2 Maces & Flails
 - Level 5.0 Throwing
 - Level 1.7 Dodging
 - Level 0.6 Stealth


You had 3 spell levels left.
You didn't know any spells.

Dungeon Overview and Level Annotations

Branches:
Dungeon (3/15)

Altars:
Cheibriados
Dithmenos
Gozag


Innate Abilities, Weirdness & Mutations

You are too large for most types of armour.
You have tough skin. (AC +1)


Message History

You kill the orc wizard!
Your Maces & Flails skill increases to level 4!
Throwing (i - inventory. (,) - cycle):
c - a large rock (quivered)
Press: ? - help, Shift-Dir - straight line, f - orc priest
Aim: an orc priest, wearing a ring mail You throw a large rock.
The large rock barely misses the orc priest.
The orc priest hits you but does no damage.
The orc closely misses you. The orc priest closely misses you.
There is an escape hatch in the floor here.
You closely miss the orc priest. The orc priest barely misses you.
You closely miss the orc priest.
The orc priest hits you but does no damage.
The orc hits you with a club.
* * * LOW HITPOINT WARNING * * *
The orc priest hits you but does no damage.
The orc barely misses you.
The orc priest mumbles some strange prayers to Beogh against you.
Beogh smites you!
You die...

##. #####
#...######...#
........<.#.#
... ##...# #.#
##<..## #.#
##(###.##
#.####.## ##.#
##.o....# #.#
#).o.@..## ##.#
#.######.###.##
#. ##...## #.
#####...#####
#.
#.).........#
#.
....#...###.#
## #.#.##)##
#.# #.#.##.#
#.# #.#.##.#
#.#


You could see an orc priest and an orc.

Vanquished Creatures
  An orc wizard (D:3)
  An ooze (D:1)
  2 worms
  5 dart slugs
  A leopard gecko (D:2)
  An orc (D:3)
  3 giant cockroaches
  7 goblins
  3 hobgoblins (D:2)
  5 jackals
  A quokka (D:2)
  2 ball pythons (D:1)
  7 bats
  7 frilled lizards
  7 kobolds
  6 rats
59 creatures vanquished.

Notes
Turn   | Place    | Note
-------+----------+-------------------------------------------
     0 | D:1      | Idleism the Ogre Hunter began the quest for the Orb.
     0 | D:1      | Reached XP level 1. HP: 22/22 MP: 1/1
   133 | D:1      | Reached XP level 2. HP: 29/29 MP: 2/2
   492 | D:1      | Reached XP level 3. HP: 34/36 MP: 3/3
   892 | D:1      | Reached skill level 5 in Throwing
   989 | D:2      | Reached skill level 1 in Maces & Flails
  1191 | D:2      | Found a shadowy altar of Dithmenos.
  1249 | D:2      | Reached XP level 4. HP: 44/44 MP: 4/4
  1289 | D:2      | Found a snail-covered altar of Cheibriados.
  1533 | D:3      | Found an opulent altar of Gozag.
  1690 | D:3      | Killed from afar by an orc priest

Skill      XL: |  1  2  3  4 |
---------------+-------------+-----
Throwing       | 5 |  5.0
Maces & Flails | 2 4 |  4.2
Fighting       | |  2.6
Dodging        | |  1.7
Stealth        | |  0.6

Action                   |  1- 3 |  4- 6 || total
-------------------------+-------+-------++-------
Melee: Hand axe          |    56 |       ||    56
       Mace              |    40 |    55 ||    95
Throw: Large rock        |    11 |     9 ||    20
  Use: Scroll            |     4 |       ||     4
       Potion            |       |     1 ||     1
 Stab: Sleeping          |     1 |       ||     1
  Eat: Chunk             |     1 |     2 ||     3
Armor: Robe              |    35 |    29 ||    64
Dodge: Dodged            |    61 |    35 ||    96
